 Dungeon Crawl Stone Soup version 0.22-a0-982-gdd22fea (webtiles) character file.

114 plsesad the Covered (level 4, 0/37 HPs)
             Began as a Demonspawn Archaeologist on Feb 22, 2020.
             Slain by a jackal (1 damage)
             ... on level 3 of the Dungeon.
             The game lasted 00:02:46 (2276 turns).

plsesad the Covered (Demonspawn Archaeologist)      Turns: 2276, Time: 00:02:47

Health: 0/37       AC:  4    Str: 13    XL:     4   Next: 67%
Magic:  4/4        EV: 18    Int: 13    God:
Gold:   104        SH:  0    Dex: 18    Spells: 3/3 levels left

rFire    . . .     SeeInvis .   a - +0 whip
rCold    . . .     Gourm    .   (no shield)
rNeg     . . .     Faith    .   b - +1 robe
rPois    .         Spirit   .   c - +1 hat
rElec    .         Reflect  .   (no cloak)
rCorr    .         Harm     .   (no gloves)
MR       .....                  (no boots)
Stlth    +++.......             (no amulet)
HPRegen  0.12/turn              (no ring)
MPRegen  0.09/turn              (no ring)

@: agile, lethally poisoned (0 -> -2), studying Armour
A: sturdy frame 2
a: no special abilities


You were on level 3 of the Dungeon.
You were hungry.
You have taken the pledge of the Explorer.
You visited 1 branch of the dungeon, and saw 3 of its levels.

You collected 104 gold pieces.

Inventory:

Hand Weapons
 a - a +0 whip (weapon)
Armour
 b - a +1 robe (worn)
 c - a +1 hat (worn)
Scrolls
 h - a scroll of remove curse
 k - a scroll of teleportation
 l - a scroll of amnesia
 m - a scroll of recharging
 n - 2 scrolls of identify
Potions
 i - a potion of resistance
 j - a potion of brilliance
Books
 d - a manual of Armour
Miscellaneous
 e - an ancient crate
Comestibles
 g - 3 rations
 o - 2 chunks of flesh


   Skills:
 - Level 4.2 Fighting
 + Level 4.3 Armour
 - Level 2.6 Dodging
 - Level 0.8 Stealth


You had 3 spell levels left.
You didn't know any spells.
Your spell library was empty.

Dungeon Overview and Level Annotations

Branches:
Dungeon (3/15)

Altars:
Gozag
Nemelex Xobeh
Vehumet


Innate Abilities, Weirdness & Mutations

Your movements are less encumbered by armour. (ER -4)


Message History

You feel sick. The adder barely misses you.
A jackal comes into view.
Found a scroll of remove curse.
A leopard gecko comes into view.
The jackal closely misses you. The adder bites you.
* * * LOW HITPOINT WARNING * * *
You are more poisoned.
The adder poisons you! The leopard gecko barely misses you.
* * * LOW HITPOINT WARNING * * *
You feel sick. The jackal misses you.
Found a scroll labeled WIUGET ABATS.
* * * LOW HITPOINT WARNING * * *
You feel sick. The adder completely misses you.
You hit the adder.
You kill the adder!
You hit the leopard gecko.
You kill the leopard gecko!
The jackal bites you.
You die...

######## ....... .
#.....# . ..
#.....##.. .l..
#.........
....##.........
#...#..........
#.)...@h.?.##.#
#....#†####...#
#.....h.##....# ##
#....#......P?.
###.###..........P...
................PP...
%...!....>.##...♣P...
.....................
.............#.......


You could see 2 jackals.

Vanquished Creatures
  6 adders
  2 oozes (D:1)
  An adder skeleton (D:2)
  A worm (D:2)
  A dart slug (D:1)
  A leopard gecko (D:3)
  A giant cockroach (D:2)
  10 goblins
  3 hobgoblins
  8 kobolds
  5 bats
  A frilled lizard (D:2)
  7 rats
47 creatures vanquished.

Notes
Turn   | Place    | Note
-------+----------+-------------------------------------------
     0 | D:1      | plsesad the Demonspawn Archaeologist began the quest for the Orb.
     0 | D:1      | Reached XP level 1. HP: 18/18 MP: 1/1
   145 | D:1      | Gained mutation: Your movements are slightly less encumbered by armour. (ER -2) [demonic ancestry]
   145 | D:1      | Reached XP level 2. HP: 21/24 MP: 1/2
   601 | D:1      | Reached XP level 3. HP: 28/30 MP: 3/3
   852 | D:2      | Reached skill level 1 in Armour
  1263 | D:2      | Gained mutation: Your movements are less encumbered by armour. (ER -4) [demonic ancestry]
  1263 | D:2      | Reached XP level 4. HP: 24/37 MP: 3/4
  2045 | D:2      | Found an opulent altar of Gozag.
  2046 | D:2      | Found a sparkling altar of Nemelex Xobeh.
  2075 | D:2      | Found a radiant altar of Vehumet.
  2271 | D:3      | HP: 1/37 [poisoned by an adder]
  2276 | D:3      | Slain by a jackal

Vault maps used:
D:1:      erik_arrival_gehennom, minmay_parallelograms
D:2:      grunt_temple_overflow_opulence, overflow_temple_1_default,
          first_ration
D:3:      gup_sewer_entry_bowl, serial_park_tiny_2

Skill      XL: |  1  2  3  4 |
---------------+-------------+-----
Fighting       | 4 |  4.2
Armour         | 3 4 |  4.3
Dodging        | |  2.6
Stealth        | |  0.8

Action                   |  1- 3 |  4- 6 || total
-------------------------+-------+-------++-------
Melee: Whip              |   130 |    81 ||   211
  Use: Scroll            |       |     6 ||     6
       Potion            |       |     2 ||     2
 Stab: Sleeping          |     2 |     1 ||     3
  Eat: Chunk             |     1 |     3 ||     4
Armor: Robe              |    36 |    18 ||    54
Dodge: Dodged            |   105 |    68 ||   173

Table legend:
 A = Spawn XP
 B = Non-spawn XP
 C = Spawn XP percentage of total XP
 D = Spawn monster count
 E = Non-spawn monster count
 F = Spawn count percentage of total count
 G = Total turns spent on level
                    A         B        C        D         E        F      G
               +---------+---------+-------+---------+---------+-------+---------
         Total |       0 |     164 |   0.0 |       0 |      47 |   0.0 |  2276
               +---------+---------+-------+---------+---------+-------+---------
           D:1 |       0 |      49 |   0.0 |       0 |      22 |   0.0 |   848
           D:2 |       0 |      98 |   0.0 |       0 |      22 |   0.0 |  1400
           D:3 |       0 |      17 |   0.0 |       0 |       3 |   0.0 |    28
               +---------+---------+-------+---------+---------+-------+---------
